 Dungeon Crawl Stone Soup version 0.24.0-7-gb3623d2c88 (webtiles) character file.

Game seed: 1576274107794454913, levelgen mode: deterministic

511 Iskender the Sneak (level 7, 0/46 HPs)
             Began as an Octopode Chaos Knight on Nov 2, 2019.
             Was a Plaything of Xom.
             Succumbed to an orc wizard's poison
             ... on level 4 of the Dungeon.
             The game lasted 00:24:26 (4039 turns).

Iskender the Sneak (Octopode Chaos Knight)          Turns: 4039, Time: 00:24:27

Health: 0/46       AC:  1    Str:  9 (11) XL:     7   Next: 19%
Magic:  7/7        EV: 14    Int: 16 (19) God:    Xom [......]
Gold:   209        SH:  4    Dex: 10 (11) Spells: 1/6 levels left

rFire    . . .     SeeInvis .   a - +3 dagger
rCold    . . .     Gourm    .   p - +0 buckler
rNeg     . . .     Faith    .   (helmet restricted)
rPois    +         Spirit   .   u - amulet of rage
rElec    .         Reflect  .   g - ring of poison resistance
rCorr    .         Harm     .   q - +2 ring of intelligence
MR       .....                  (no ring)
Stlth    +++.......             (no ring)
HPRegen  0.15/turn              (no ring)
MPRegen  0.10/turn              (no ring)
                                (no ring)
                                (no ring)

@: lethally poisoned (0 -> -5), berserk cooldown, slowed, very slow
A: almost no armour, stealthy swim, amphibious, 8 rings, constrict 8, camouflage
1, gelatinous body 1
a: Renounce Religion, Evoke Berserk Rage


You were on level 4 of the Dungeon.
You worshipped Xom.
You were a very special plaything of Xom.
You were not hungry.

You visited 1 branch of the dungeon, and saw 7 of its levels.

You collected 209 gold pieces.

Inventory:

Hand Weapons
 a - a +3 dagger (weapon)
 b - a +0 spear of chaos
 r - a +0 mace
Missiles
 c - 98 stones
 m - 9 sling bullets
 t - 2 boomerangs (quivered)
 w - 3 poisoned darts
 x - 4 silver javelins
Armour
 p - a +0 buckler (worn)
Jewellery
 g - a ring of poison resistance (left tentacle)
 h - the amulet of Circularity {Gourm *Corrode Str+5 Stlth+}
   (You found it on level 5 of the Dungeon)

   [amulet of the gourmand]

   It allows you to eat raw meat even when not hungry.
   It affects your strength (+5).
   It may corrode you when you take damage.
   It makes you more stealthy.
 q - a +2 ring of intelligence (right tentacle)
 u - an amulet of rage (around mantle)
Scrolls
 f - a scroll of amnesia
 i - a scroll of fear
 j - 3 scrolls of remove curse
 o - a scroll of fog
 s - a scroll of enchant weapon
 v - a scroll of identify
Potions
 B - a potion of mutation {unknown}
Comestibles
 k - 4 rations


   Skills:
 - Level 3.0 Fighting
 - Level 3.0 Polearms
 - Level 4.4 Dodging
 - Level 4.5 Stealth
 - Level 4.0 Shields
 + Level 2.9 Necromancy


You had one spell level left.
You knew the following spells:

 Your Spells              Type           Power        Failure   Level  Hunger
a - Pain                  Necr           #...         8%          1    ##.....
c - Regeneration          Chrm/Necr      #.........   38%         3    ####...
n - Animate Skeleton      Necr           N/A          8%          1    ##.....

Your spell library contained the following spells:

 Spells                   Type           Power        Failure   Level  Hunger
 Vampiric Draining        Necr           #.........   22%         3    ####...
 Animate Dead             Necr           N/A          58%         4    #####..


Dungeon Overview and Level Annotations

Branches:
Dungeon (7/15)
 Temple: D:4-7

Altars:
Gozag
Makhleb
Okawaru
Vehumet

Annotations:
D:3 1 exclusion
D:5 exclusion: 2 slaves, Pikel


Innate Abilities, Weirdness & Mutations

You cannot wear most types of armour.
You are very stealthy in the water. (Stealth+)
You are amphibious.
You can wear up to eight rings at the same time.
You can use your tentacles to constrict eight enemies at once.
Your skin changes colour to match your surroundings (Stealth+).
Your rubbery body absorbs attacks. (AC +1, EV +1)


Message History

You feel sick.
You hear some strange, mumbled words.
A puff of flame appears from out of thin air!
The puff of flame hits you.
* * * LOW HITPOINT WARNING * * *
You puncture something!
Reactivating autopickup.
You feel a bit more experienced.
You are too berserk!
* * * LOW HITPOINT WARNING * * *
You feel sick.
Items here: )) [[ † a +1 dagger of venom; a +0 robe; a +0 flail; a +0 leather armour; an orc corpse You feel a strong urge to attack something.
You are too berserk!
You feel your anger nearly subside.
You are no longer berserk.
You are exhausted.
You feel yourself slow down.
You die...
Xom chortles!

#......#.................##.
..§....#....................
.......#.........#..........
......#..........#..........
......[.......##.#..........
...............#.#..........
.........)..................
.#..#.###......##...........
#.##..#)..@......##........
... #.)..........###..[.....
.. #.###.....#### ##.....##
# #..##..# ###...##
.......## ##.... .....####
##.## ...#### #.# .## ###


There were no monsters in sight!

Vanquished Creatures
  A bullfrog (D:5)
  2 orc priests
  5 orc wizards
  2 worker ants (D:4)
  A worker ant zombie (D:5)
  6 adders
  An ooze (D:3)
  3 worms
  2 dart slugs (D:1)
  A leopard gecko (D:1)
  14 orcs
  A ball python (D:4)
  10 bats
  A giant cockroach (D:1)
  6 goblins
  8 hobgoblins
  3 jackals
  3 quokkas
  2 frilled lizards
  5 kobolds
  12 rats
89 creatures vanquished.

Vanquished Creatures (collateral kills)
  A bullfrog skeleton (D:4)
1 creature vanquished.

Grand Total: 90 creatures vanquished

Notes
Turn   | Place    | Note
-------+----------+-------------------------------------------
     0 | D:1      | Iskender the Octopode Chaos Knight began the quest for the
                  | Orb.
     0 | D:1      | Reached XP level 1. HP: 16/16 MP: 1/1
     7 | D:1      | Reached skill level 1 in Stealth
    97 | D:1      | Reached XP level 2. HP: 8/21 MP: 2/2
   611 | D:1      | XOM: silly message
   623 | D:1      | Reached XP level 3. HP: 25/26 MP: 3/3
   812 | D:2      | XOM: harmless Erth miscast
   843 | D:2      | Found an opulent altar of Gozag.
   847 | D:2      | XOM: god gift: robe {god gift}
   992 | D:2      | XOM: harmless Ice miscast
  1082 | D:2      | Reached skill level 1 in Shields
  1244 | D:2      | Reached XP level 4. HP: 31/31 MP: 4/4
  1423 | D:2      | Found a burning altar of Makhleb.
  1423 | D:2      | Found a radiant altar of Vehumet.
  1542 | D:2      | Reached XP level 5. HP: 19/36 MP: 5/5
  2253 | D:3      | Found an iron altar of Okawaru.
  2408 | D:3      | XOM: butterfly on damage
  2427 | D:3      | XOM: mild Chrm miscast
  2482 | D:3      | Found an iron altar of Okawaru.
  2707 | D:4      | Reached XP level 6. HP: 27/42 MP: 6/6
  2758 | D:3      | XOM: stat loss: -1 Int (18/19)
  2851 | D:4      | XOM: 1-stop teleportation journey
  2852 | D:4      | You fall into a shaft and drop 3 floors!
  3110 | D:5      | Entered Level 5 of the Dungeon
  3183 | D:5      | XOM: summons 1 hostile demon
  3445 | D:5      | XOM: god gift: scroll labeled KOMYUJ POYL {god gift}
  3478 | D:5      | Got a shimmering pewter amulet
  3480 | D:5      | Identified the amulet of Circularity {Gourm *Corrode Str+5
                  | Stlth+} (You found it on level 5 of the Dungeon)
  3592 | D:5      | Learned a level 1 spell: Pain
  3596 | D:5      | Learned a level 3 spell: Regeneration
  3598 | D:5      | Learned a level 1 spell: Animate Skeleton
  3608 | D:5      | Noticed Pikel
  3608 | D:5      | Noticed a slave
  3608 | D:5      | Noticed a slave
  3672 | D:4      | XOM: polymorph hound -> ball python
  3731 | D:4      | Reached skill level 1 in Necromancy
  3812 | D:4      | Found an opulent altar of Gozag.
  4006 | D:4      | Reached XP level 7. HP: 42/46 MP: 7/7
  4034 | D:4      | HP: 2/69 [something/puff of flame (3)]
  4039 | D:4      | Succumbed to an orc wizard's poison

Levels and vault maps discovered:
D:1:      onia_arrival_mini_spirals, layout_loops_cross, minmay_pentomino_r4
D:2:      cheibrodos_pilgrimage, layout_loops_ring,
          amethyst_overflow_temple_binary, old_standard_altar, first_ration
D:3:      layout_rooms, nicolae_overflow_hidden_temple, okawaru_gym_becter,
          uniq_crazy_yiuf_cottage
D:4:      layout_cave_pools, nicolae_gozag_seed_capital
D:5:      layout_loops_ring, lemuel_temple_firewalk_b, minmay_bent, uniq_pikel
D:6:      layout_basic, lemuel_blue_sif_altar, kennysheep_mini, serial_shops,
          nicolae_shop_behind_doors, serial_co_window_serial,
          co_window_corner_a, co_window_of_opportunity_a, co_window_paths_a,
          co_window_of_opportunity_a, co_window_corner_a, co_window_paths_b,
          co_window_corner_a, co_window_paths_b, co_window_paths_b,
          co_window_2corner, co_window_corner_cb, co_window_2corner,
          co_window_of_opportunity_b, co_window_of_opportunity_b,
          glass_columns_b, glass_columns_a, glass_columns_a, glass_columns_b
D:7:      layout_loops_ring, kb_rosetta

Skill      XL: |  1  2  3  4  5  6 |
---------------+-------------------+-----
Stealth        | 2 3 4 |  4.5
Shields        | 1 3 4 |  4.0
Dodging        | 3 4 |  4.4
Necromancy     | 2 |  2.9
Fighting       | |  3.0
Polearms       | |  3.0

Action                   |  1- 3 |  4- 6 |  7- 9 || total
-------------------------+-------+-------+-------++-------
Melee: Spear             |    69 |   138 |       ||   207
       Constrict         |    12 |    33 |     2 ||    47
       Tentacles         |     3 |    31 |     5 ||    39
       Dagger            |       |    29 |    17 ||    46
Throw: Stone             |       |    12 |       ||    12
       Boomerang         |       |    14 |       ||    14
       Dart              |       |     9 |       ||     9
       Javelin           |       |     2 |       ||     2
 Cast: Pain              |       |     7 |       ||     7
       Animate Skeleton  |       |     2 |       ||     2
 Abil: Evoke Berserk Rag |       |       |     1 ||     1
  Use: Scroll            |     2 |     5 |       ||     7
       Potion            |     1 |     1 |     5 ||     7
 Stab: Sleeping          |    20 |    10 |       ||    30
       Petrifying        |     3 |       |       ||     3
       Paralysed         |     3 |       |       ||     3
       Distracted        |     1 |     1 |       ||     2
  Eat: Chunk             |     1 |    11 |       ||    12
       Ration            |       |     1 |       ||     1
Armor: Skin              |     5 |     8 |     1 ||    14
Dodge: Dodged            |    11 |    49 |     6 ||    66
Block: Buckler           |       |    20 |     2 ||    22
